 Dungeon Crawl Stone Soup version 0.20.1-1-g8b1a95d (webtiles) character file.

142 slep the Skirmisher (level 5, -8/42 HPs)
             Began as a Human Abyssal Knight on Oct 31, 2017.
             Was a Believer of Lugonu.
             Splashed by a jelly's acid (9 damage)
             ... on level 2 of the Dungeon.
             The game lasted 00:08:22 (1490 turns).

slep the Skirmisher (Human Abyssal Knight)          Turns: 1490, Time: 00:08:27

Health: -8/42      AC: -4    Str: 14    XL:     5   Next: 50%
Magic:  6/6        EV: 12    Int: 12    God:    Lugonu [**....]
Gold:   85         SH:  0    Dex: 12    Spells: 4/4 levels left

rFire    . . .     SeeInvis .   a - +1 falchion
rCold    . . .     Gourm    .   (no shield)
rNeg     . . .     Faith    .   b - +0 leather armour
rPois    .         Spirit   .   (no helmet)
rElec    .         Reflect  .   (no cloak)
rCorr    .         Harm     .   (no gloves)
MR       .....                  (no boots)
Stlth    +.........             (no amulet)
Regen    0.2/turn               (no ring)
MPRegen  0.1/turn               (no ring)

@: corroded
A: no striking features
a: Depart the Abyss, Bend Space, Renounce Religion


You were on level 2 of the Dungeon.
You worshipped Lugonu.
Lugonu was pleased with you.
You were not hungry.

You visited 1 branch of the dungeon, and saw 2 of its levels.
You visited the Abyss 1 time.

You collected 85 gold pieces.

Inventory:

Hand Weapons
 a - a +1 falchion (weapon)
Armour
 b - a +0 leather armour (worn)
Wands
 t - a wand of random effects (20/48)
Scrolls
 d - a scroll of amnesia {unknown}
 e - 3 scrolls of teleportation {unknown}
 l - a scroll of blinking {unknown}
 m - a scroll of immolation {unknown}
 q - 2 scrolls of identify {unknown}
 r - a scroll of random uselessness {unknown}
Potions
 g - a potion of flight {unknown}
 h - a potion of mutation {unknown}
 i - a potion of invisibility {unknown}
 k - a potion of might
 n - a potion of lignification {unknown}
 o - a potion of cancellation {unknown}
 p - a potion of curing
 s - 2 potions of heal wounds {unknown}
Comestibles
 c - 3 bread rations
 f - 3 fruits
 j - a royal jelly


   Skills:
 + Level 3.9 Fighting
 + Level 3.6 Long Blades
 + Level 2.5 Armour
 + Level 2.0 Dodging
 + Level 0.4 Stealth
 + Level 2.1 Invocations


You had 4 spell levels left.
You didn't know any spells.

Dungeon Overview and Level Annotations

Branches:
Dungeon (2/15)

Altars:
Ashenzari
Elyvilon


Message History

You hit the ooze.
The ooze is moderately wounded.
The ooze completely misses you.
You slash the ooze!
You kill the ooze!
Lugonu accepts your kill.
You hit the jelly.
Your hands burn!
The jelly is lightly wounded.
The jelly hits you but does no damage.
You hit the jelly but do no damage. The acid corrodes you!
Your hands burn!
The jelly is lightly wounded.
The jelly hits you.
You are splashed with acid!
The acid burns!
* * * LOW HITPOINT WARNING * * *
You hit the jelly but do no damage. The acid corrodes you!
Your hands burn!
* * * LOW HITPOINT WARNING * * *
The jelly is lightly wounded.
The jelly hits you.
* * * LOW HITPOINT WARNING * * *
The acid corrodes you!
You are splashed with acid!
The acid burns!
You die...

#+##### ###..........##. #.#
##########....... #.###
#!..÷..##.#########......
.......##...PJP#.#.#....###......
#.####.##....÷.#.#.#.....##...###
#.# #.##.PPPPJ#)#'#......'..(###
#.# #.##......#.#.....(..'(.()).
#.# #.##P.....#.#........'.#.###
#'####(##.J....#@#.......##.#.#
....##.##P.÷..JJ##......#####.#
....##.##÷.....########## #.#
.......######## ### #.# .....###
### #.# #.# .<...# #.########.#
#.# .....# #.#.....##.# ...)÷#
#.'........# .>...# #.#.....##.#


You could see a jelly and an ooze.

Vanquished Creatures
  A jelly (D:2)
  An adder (D:2)
  3 gnolls (D:2)
  6 oozes (D:2)
  A leopard gecko (D:1)
  A ball python (D:1)
  2 giant cockroaches (D:1)
  8 goblins
  5 hobgoblins (D:1)
  12 kobolds
  5 bats (D:1)
  3 frilled lizards (D:2)
  4 rats
52 creatures vanquished.

Vanquished Creatures (others)
  A fungus (D:2)
  4 toadstools (D:2)
5 creatures vanquished.

Grand Total: 57 creatures vanquished

Notes
Turn   | Place    | Note
-------+----------+-------------------------------------------
     0 | Abyss:1  | slep the Human Abyssal Knight began the quest for the Orb.
     0 | Abyss:1  | Reached XP level 1. HP: 18/18 MP: 2/2
    38 | Abyss:1  | Found a corrupted altar of Lugonu.
    95 | Abyss:1  | Noticed a small abomination
    98 | Abyss:1  | Noticed a smoke demon
   101 | D:1      | Escaped the Abyss
   200 | D:1      | Reached * piety under Lugonu
   200 | D:1      | Reached XP level 2. HP: 4/24 MP: 3/3
   451 | D:1      | Reached XP level 3. HP: 22/29 MP: 4/4
   752 | D:1      | Found a shattered altar of Ashenzari.
   984 | D:2      | Reached XP level 4. HP: 11/36 MP: 5/5
  1313 | D:2      | Found a white marble altar of Elyvilon.
  1471 | D:2      | Reached XP level 5. HP: 21/42 MP: 6/6
  1476 | D:2      | Reached ** piety under Lugonu
  1490 | D:2      | HP: 2/42 [acid (5)]
  1490 | D:2      | Splashed by a jelly's acid

Skill      XL: |  1  2  3  4  5 |
---------------+----------------+-----
Long Blades    | 3 |  3.6
Dodging        | 2 |  2.0
Fighting       | |  3.9
Armour         | |  2.5
Stealth        | |  0.4
Invocations    | |  2.1

Action                   |  1- 3 |  4- 6 || total
-------------------------+-------+-------++-------
Melee: Falchion          |    70 |    87 ||   157
Invok: Depart the Abyss  |     1 |       ||     1
  Use: Potion            |     2 |       ||     2
  Eat: Chunk             |       |     2 ||     2
Armor: Leather armour    |    15 |    17 ||    32
Dodge: Dodged            |    40 |    41 ||    81
       Rpst.: Falchion   |    14 |    10 ||    24
